AoeStats
← JustinMerendino

African Clearing

504007667Analyzed
4v4 RM · 29d ago on Sep 3, 2026· 13m 16s· 8 players
Game mode
Random Map
Map size
Large (8 player)
Population
200
Speed
Normal
Resources
Standard
Victory
Conquest
Starting age
Dark Age
Ending age
Imperial Age
RankedLock teamsTeams togetherTeam positionsShared explorationLock speedFull tech treeHidden civsTurbo modeCheats
Victory
Defeat
🇨🇳 Spanish · China
1116
+10
🇨🇳 Franks · China
1074
+12
🇦🇺 Aztecs · Australia
1004
+15
829
+24
🇨🇳 Mongols · China
1024
-17
🇨🇳 Huns · China
1003
-16
🇨🇳 Vietnamese · China
992
-15
🇮🇳 Berbers · India
946
-13
JustinMerendino
5:01 Loom
青青草原懒大王
不知天上水
10:52 Loom
14:12 Feudal Age
小离爱吃糖
syedatun
7:30 Loom
12:59 Feudal Age
小麻雀杀啊
6:30 Loom
Mr.Jay
10:59 Loom
11:20 Loom
gran
3:52 Loom
12:58 Feudal Age
Connection lost

Rejoining the realm…

Still unreachable

The connection could not be restored.

Session expired

The server has moved on; the page needs a fresh start.